 Dungeon Crawl Stone Soup version 0.19.0-11-g3fc08b3 (webtiles) character file.

63 RKaid the Conjurer (level 3, -1/19 HPs)
             Began as a Deep Elf Conjurer on Nov 9, 2016.
             Slain by a worm (11 damage)
             ... on level 3 of the Dungeon.
             The game lasted 00:02:49 (1468 turns).

RKaid the Conjurer (Deep Elf Conjurer)              Turns: 1468, Time: 00:02:50

Health: -1/19      AC:  2    Str:  5    XL:     3   Next: 87%
Magic:  11/11      EV: 13    Int: 20    God:
Gold:   74         SH:  0    Dex: 15    Spells: 1 memorised, 10 levels left

rFire  . . .     SeeInvis .     (no weapon)
rCold  . . .     Gourm    .     a - +0 robe
rNeg   . . .     Faith    .     (no shield)
rPois  .         Spirit   .     (no helmet)
rElec  .         Reflect  .     (no cloak)
rCorr  .         Harm     .     (no gloves)
MR     .....                    (no boots)
Stlth  +++.......               (no amulet)
                                (no ring)
                                d - ring of stealth {Stlth+}

@: no status effects
A: no striking features
a: no special abilities


You were on level 3 of the Dungeon.
You were hungry.

You visited 1 branch of the dungeon, and saw 3 of its levels.

You collected 74 gold pieces.

Inventory:

Hand Weapons
 e - a +0 club
   (You took it off a hobgoblin on level 1 of the Dungeon)
 f - a +0 short sword
   (You found it on level 1 of the Dungeon)
 k - a +0 whip
   (You found it on level 1 of the Dungeon)
 n - a +0 dagger
   (You found it on level 1 of the Dungeon)
 p - a +0 dagger
   (You took it off a goblin on level 1 of the Dungeon)
 s - a +0 spear
   (You found it on level 1 of the Dungeon)
 t - a +0 short sword
   (You took it off a kobold on level 1 of the Dungeon)
 u - a +0 dagger
   (You took it off a kobold on level 1 of the Dungeon)
 y - a +0 dagger
   (You took it off a goblin on level 2 of the Dungeon)
 z - a +0 whip
   (You took it off a kobold on level 2 of the Dungeon)
 A - a +0 dagger
   (You found it on level 2 of the Dungeon)
Armour
 a - a +0 robe (worn)
Jewellery
 d - a ring of stealth (left hand) {Stlth+}
   (You found it on level 1 of the Dungeon)
 m - an uncursed amulet of magic regeneration {unknown}
   (You found it on level 1 of the Dungeon)
 q - an uncursed ring of magical power {unknown}
   (You found it on level 1 of the Dungeon)
Scrolls
 j - a scroll of amnesia {unknown}
 o - a scroll of fog {unknown}
 r - a scroll of identify {unknown}
Potions
 g - 2 potions of curing {unknown}
 h - a potion of agility
 i - 2 potions of degeneration {unknown}
 l - a potion of heal wounds {unknown}
 v - a potion of haste {unknown}
 w - a potion of berserk rage {unknown}
 B - 2 potions of mutation {unknown}
Books
 b - a book of Conjurations
Comestibles
 c - 3 bread rations
 x - 2 chunks of flesh


   Skills:
 - Level 2.4 Dodging
 - Level 2.4 Stealth
 + Level 4.6 Spellcasting
 + Level 5.2 Conjurations


You had 10 spell levels left.
You knew the following spells:

 Your Spells              Type           Power        Failure   Level  Hunger
a - Magic Dart            Conj           ####         1%          1    None


Dungeon Overview and Level Annotations

Branches:
Dungeon (3/15)

Altars:
Makhleb

Annotations:
D:2 Sigmund
D:3 xsansara's ghost, amateur MiGl


Message History

Aiming: Magic Dart
Press: ? - help, Shift-Dir - straight line, f/p - quokka
Aim: a quokka (almost dead)
The magic dart hits the quokka.
You kill the quokka!
Casting: Magic Dart
Confirm with . or Enter, or press ? or * to list all spells.
You can't see any susceptible monsters within range! (Use Z to cast anyway.)
You butcher the giant cockroach corpse.
x - 4 chunks of flesh (gained 1)
B - 2 lumpy coppery potions Marking area around Sigmund as unsafe for travelling.
Sigmund the Dreaded comes into view.
He is wielding a scythe of venom.
Sigmund shouts!
Sigmund points at you and mumbles some strange words.
The magic dart hits you!
A bat comes into view.
Sigmund drinks a potion.
Sigmund suddenly seems more agile.
There is a stone staircase leading down here.
You climb downwards.
There is a stone staircase leading up here.
You start resting.
Xsansara's ghost (amateur Minotaur Gladiator) comes into view.
It is wielding a weapon of distortion.
Xsansara's ghost turns its malevolent gaze towards you.
Press: ? - help, v - describe, . - travel
Here: xsansara's ghost, wielding a weapon of distortion The floor.
Okay, then.
There is a stone staircase leading up here.
A giant cockroach comes into view.
An adder comes into view.
A hound comes into view.
Found a throwing net.
Found a burning altar of Makhleb.
The hound barks!
Found an escape hatch in the floor.
The hound closely misses you.
Xsansara's ghost says, "Live by the sword, die by the sword."
The hound bites you. The hound closely misses you. The hound barely misses you.
Casting: Magic Dart
Confirm with . or Enter, or press ? or * to list all spells.
Aiming: Magic Dart
Press: ? - help, Shift-Dir - straight line, f - hound
Aim: a hound The magic dart hits the hound.
The hound misses you.
Casting: Magic Dart
Confirm with . or Enter, or press ? or * to list all spells.
Aiming: Magic Dart
Press: ? - help, Shift-Dir - straight line, f/p - hound
Aim: a hound (moderately wounded)
The magic dart hits the hound.
The hound bites you. The hound barely misses you.
Casting: Magic Dart
Confirm with . or Enter, or press ? or * to list all spells.
Aiming: Magic Dart
Press: ? - help, Shift-Dir - straight line, f/p - hound
Aim: a hound (moderately wounded)
The magic dart hits the hound.
The hound bites you. The hound barely misses you.
Casting: Magic Dart
Confirm with . or Enter, or press ? or * to list all spells.
Aiming: Magic Dart
Press: ? - help, Shift-Dir - straight line, f/p - hound
Aim: a hound (heavily wounded)
The magic dart hits the hound.
The hound bites you.
Casting: Magic Dart
Confirm with . or Enter, or press ? or * to list all spells.
Aiming: Magic Dart
Press: ? - help, Shift-Dir - straight line, f/p - hound
Aim: a hound (severely wounded)
The magic dart hits the hound.
You kill the hound!
Your Conjurations skill increases to level 5!
Xsansara's ghost stares at you.
Xsansara's ghost whispers, "Trust me.
Just give in."
A hobgoblin comes into view. It is wielding a club.
Xsansara's ghost holds its blade at the ready.
You see here a potion of agility.
A bat comes into view.
A goblin comes into view.
The bat moves out of view.
The bat closely misses you. The bat closely misses you.
The hobgoblin shouts!
Some of the chunks of flesh in your inventory have rotted away.
You see here 6 gold pieces.
The bat hits you but does no damage. The bat barely misses you.
A rat comes into view.
The bat misses you. The bat hits you.
A worm comes into view.
The bat hits you but does no damage. The bat barely misses you.
You are feeling hungry.
The bat barely misses you. The bat barely misses you. The worm bites you!
Ouch! That really hurt!
You die...

#........#
.........#
##+#.#....#
#....#..g.#♣.♣
+....#.......♣
#.##....#....#♣♣♣
........W....#
.###w.......#
#.@b.....#
#..........#
#......r...#
#..(.......#
#..(.......#
#..........#
#..........#
#..........#


You could see a worm, xsansara's ghost, a hobgoblin, a bat and a rat (sleeping).

Vanquished Creatures
  A hound (D:3)
  A dart slug (D:2)
  A leopard gecko (D:1)
  2 ball pythons (D:1)
  5 giant cockroaches
  4 goblins
  3 hobgoblins (D:1)
  3 kobolds
  A quokka (D:2)
  2 bats
  2 frilled lizards
  3 rats (D:1)
28 creatures vanquished.

Notes
Turn   | Place    | Note
-------+----------+-------------------------------------------
     0 | D:1      | RKaid the Deep Elf Conjurer began the quest for the Orb.
     0 | D:1      | Reached XP level 1. HP: 10/10 MP: 6/6
   247 | D:1      | Reached XP level 2. HP: 15/15 MP: 6/8
  1028 | D:1      | Reached skill level 4 in Spellcasting
  1262 | D:2      | Reached XP level 3. HP: 19/19 MP: 8/10
  1323 | D:2      | Noticed Sigmund
  1389 | D:3      | Noticed xsansara's ghost (amateur MiGl)
  1399 | D:3      | Found a burning altar of Makhleb.
  1418 | D:3      | Reached skill level 5 in Conjurations
  1468 | D:3      | Slain by a worm

Skill      XL: |  1  2  3 |
---------------+----------+-----
Spellcasting   | 4 |  4.6
Conjurations   | 5 |  5.2
Dodging        | |  2.4
Stealth        | |  2.4

Action                   || total
-------------------------++-------
 Cast: Magic Dart        ||    46
  Eat: Chunk             ||     1
Armor: Robe              ||     2
Dodge: Dodged            ||    13

Vault maps used:
D:1:      lightli_arrival_noodles
D:2:      uniq_sigmund
D:3:      kb_forest_paths, minmay_misc_feat_iff, makhleb_heckhound_becter,
          uniq_grinder

Table legend:
 A = Turns spent in this place as a percentage of turns spent in the entire game.
 B = Non-inter-level travel turns spent in this place as a percentage of non-inter-level travel turns spent in the entire game.
 C = Inter-level travel turns spent in this place as a percentage of turns spent in this place.
 D = Turns resting spent in this place as a percentage of non-inter-level travel turns spent in this place.
 E = Turns spent auto-exploring this place as a percentage of non-inter-level travel turns spent in this place.
 F = Non-inter-level travel turns spent in this place divided by the number of levels of this place that you've seen.
                   A       B       C       D       E      F
               +-------+-------+-------+-------+-------+----------------------
         Total | 100.0 | 100.0 |   0.4 |   8.9 |  21.6 |  78.7
       Dungeon | 100.0 | 100.0 |   0.4 |   8.9 |  21.6 |  78.7
               +-------+-------+-------+-------+-------+----------------------

Table legend:
 A = Kills in this place as a percentage of kills in entire the game.
 B = Kills by you in this place as a percentage of kills by you in the entire game.
 C = Kills by friends in this place as a percentage of kills by friends in the entire game.
 D = Other kills in this place as a percentage of other kills in the entire game.
 E = Experience gained in this place as a percentage of experience gained in the entire game.
 F = Experience gained in this place divided by the number of levels of this place that you have seen.
                   A       B       C       D       E      F
               +-------+-------+-------+-------+-------+----------------------
         Total | 100.0 | 100.0 |  -nan |  -nan | 100.0 |  30.0
       Dungeon | 100.0 | 100.0 |  -nan |  -nan | 100.0 |  30.0
               +-------+-------+-------+-------+-------+----------------------
